 Dungeon Crawl Stone Soup version 0.27-a0-291-gd9602db6ee (webtiles) character file.

Game seed: 5385033196818704546

4460 kae the Grappler (level 10, -1/98 HPs)
             Began as a Pale Draconian Transmuter on Feb 9, 2021.
             Was an Initiate of Ru.
             Slain by an orc priest
             ... wielding a +0 flail
              (4 damage)
             ... on level 9 of the Dungeon.
             The game lasted 00:08:31 (9536 turns).

kae the Grappler (Pale Draconian Transmuter)        Turns: 9536, Time: 00:08:32

Health: -1/98      AC:  6    Str: 22    XL:     10   Next: 15%
Magic:  16/17      EV: 12    Int: 13    God:    Ru [......]
Gold:   394        SH:  0    Dex: 12    Spells: 11/19 levels left

rFire    x . .     SeeInvis .     - Unarmed
rCold    + + +     Faith    .   (shield currently unavailable)
rNeg     . . .     Spirit   .   (armour unavailable)
rPois    +         Reflect  .   (helmet currently unavailable)
rElec    .         Harm     .   (cloak currently unavailable)
rCorr    .         Rampage  .   (gloves currently unavailable)
Will     .....                  (boots currently unavailable)
Stlth    ..........             h - amulet of regeneration
HPRegen  0.66/turn              p - +6 ring of strength
MPRegen  0.15/turn              (no ring)

@: confused, ice-form
A: large, (breathe steam), unfitting armour, no stealth, AC +7
a: End Transformation, Renounce Religion


You were on level 9 of the Dungeon.
You worshipped Ru.
Ru was noncommittal.
You were a creature of crystalline ice.
You visited 2 branches of the dungeon, and saw 10 of its levels.

You collected 516 gold pieces.
You spent 122 gold pieces at shops.

Inventory:

Armour
 s - a +2 cloak (melded)
Jewellery
 h - an amulet of regeneration (around neck)
 p - a +6 ring of strength (left front paw)
Wands
 j - a wand of flame (23)
Scrolls
 c - 6 scrolls of remove curse
 e - a scroll of noise {unknown}
 f - 3 scrolls of fog
 k - 9 scrolls of teleportation
 m - 2 scrolls of fear
 r - 5 scrolls of identify
 u - a scroll of enchant weapon {unknown}
 v - 2 scrolls of magic mapping
 x - a scroll of enchant armour
Potions
 a - a potion of invisibility
 b - a potion of haste
 d - 4 potions of magic
 g - 2 potions of lignification
 i - 3 potions of degeneration
 l - a potion of curing
 n - 3 potions of attraction
 o - 2 potions of heal wounds
 q - a potion of brilliance {unknown}
 t - a potion of might {unknown}
 w - a potion of flight {unknown}


   Skills:
 + Level 5.6 Fighting
 + Level 5.0 Dodging
 * Level 8.0 Unarmed Combat
 + Level 5.2 Spellcasting
 * Level 7.3 Transmutations
 + Level 4.7 Ice Magic
 - Level 3.0 Poison Magic


You had 11 spell levels left.
You knew the following spells:

 Your Spells              Type           Power        Failure   Level
a - Beastly Appendage     Tmut           44%          1%          1
b - Spider Form           Tmut/Pois      8%           7%          3
c - Ice Form              Ice/Tmut       18%          16%         4

Your spell library contained the following spells:

 Spells                   Type           Power        Failure   Level
 Wereblood                Tmut           22%          1%          2
 Summon Small Mammal      Summ           12%          19%         1
 Blade Hands              Tmut           11%          26%         5
 Call Imp                 Summ           3%           28%         2
 Call Canine Familiar     Summ           3%           50%         3
 Summon Guardian Golem    Hex/Summ       3%           50%         3
 Summon Ice Beast         Ice/Summ       9%           56%         4
 Summon Lightning Spire   Summ/Air       3%           88%         4


Dungeon Overview and Level Annotations

Branches:
Dungeon (9/15)             Temple (1/1) D:7
   Lair: D:8-11         Orc: D:9-12

Altars:
Ashenzari
Cheibriados
Dithmenos
Elyvilon
Fedhas
Gozag
Hepliaklqana
Kikubaaqudgha
Nemelex Xobeh
Okawaru
Qazlal
Ru
Sif Muna
Trog
Uskayaw
Vehumet
Wu Jian
Xom
Yredelemnul
Zin
Beogh

Shops:
D:6 :[[??


Innate Abilities, Weirdness & Mutations

((You can breathe blasts of scalding, opaque steam.))
((Your pale cyan-grey scales are hard. (AC +7)))
You cannot fit into any form of body armour.
((You are cold-blooded and may be slowed by cold attacks.))
You cannot be stealthy.


Message History

You pummel the eye of draining!! You freeze the eye of draining.
You kill the eye of draining!
The orc priest invokes the aid of Beogh against you.
You struggle to resist.
You pummel the ice beast!!
You kill the ice beast!
The orc priest zaps a wand.
Your will is overpowered!
You are confused.
In your confused state, you trip and fall back down the stairs.
The two-headed ogre hits you with a +0 giant spiked club!
The two-headed ogre hits you with a +0 giant club!!
The two-headed ogre hits you with a +0 giant spiked club.
The two-headed ogre hits you with a +0 giant club!
In your confused state, you trip and fall back down the stairs.
The orc priest closely misses you.
The two-headed ogre hits you with a +0 giant spiked club!!
* * * LOW HITPOINT WARNING * * *
The two-headed ogre closely misses you.
The orc priest hits you with a +0 flail.
You die...

..............
.......#.#...#
..[....#.....#
....#..#.....#
#...........##.
#..............
#.....)o.#...#
#..Y).....#
#.O.......#
#...)####...#
#.... ..# #....
.# ...#.. .#
.####.. # ...
.##


You could see a two-headed ogre and an orc priest.

Vanquished Creatures
  Grinder (D:4)
  A wraith (D:6)
  2 ice beasts
  A sky beast (D:6)
  2 orc warriors
  2 black bears (D:8)
  An eye of draining (D:9)
  6 ogres
  4 centaurs
  A phantom (D:5)
  A kobold brigand (D:8)
  2 bullfrogs (D:8)
  A scorpion (D:8)
  3 wights (D:8)
  10 killer bees
  2 howler monkeys
  A jelly (D:8)
  A centaur zombie (D:2)
  A bullfrog zombie (D:8)
  5 hounds
  Crazy Yiuf (D:4)
  11 orc priests
  A centaur skeleton (D:4)
  Terence (D:3)
  Natasha (twice) (D:4)
  2 iguanas (D:7)
  15 orc wizards
  5 worker ants
  Ijyb (D:3)
  A killer bee zombie (D:9)
  A hound skeleton (D:4)
  9 adders
  A shadow imp (D:5)
  2 white imps
  2 ufetubi
  2 oozes
  An adder skeleton (D:4)
  2 worms (D:4)
  4 leopard geckos
  51 orcs
  2 bats
  6 giant cockroaches
  9 goblins
  9 hobgoblins
  6 jackals
  14 kobolds
  4 quokkas
  4 ball pythons
  A frilled lizard (D:5)
  A leopard gecko skeleton (D:5)
  2 quokka skeletons
  A quokka zombie (D:8)
  4 rats
226 creatures vanquished.

Vanquished Creatures (others)
  6 plants (D:4)
  A withered plant (D:7)
7 creatures vanquished.

Grand Total: 233 creatures vanquished

Notes
Turn   | Place    | Note
-------+----------+-------------------------------------------
     0 | D:1      | kae the Draconian Transmuter began the quest for the Orb.
     0 | D:1      | Reached XP level 1. HP: 16/16 MP: 3/3
   155 | D:1      | Reached XP level 2. HP: 15/23 MP: 3/5
  1394 | D:2      | Reached XP level 3. HP: 25/29 MP: 4/6
  1833 | D:2      | Reached XP level 4. HP: 13/36 MP: 7/7
  2057 | D:3      | Noticed Ijyb
  2071 | D:3      | Killed Ijyb
  2072 | D:3      | Reached skill level 4 in Unarmed Combat
  2417 | D:3      | Noticed Terence
  2459 | D:2      | Learned a level 3 spell: Spider Form
  2464 | D:2      | Learned a level 4 spell: Ice Form
  2507 | D:3      | Killed Terence
  2508 | D:3      | Reached XP level 5. HP: 41/41 MP: 5/8
  2551 | D:3      | Found a shadowy altar of Dithmenos.
  2686 | D:3      | Noticed a centaur
  2695 | D:3      | Killed a centaur
  2696 | D:3      | Reached skill level 1 in Ice Magic
  2947 | D:3      | Found a radiant altar of Vehumet.
  3024 | D:4      | Noticed an ogre
  3076 | D:4      | Noticed Grinder
  3076 | D:4      | Paralysed by Grinder for 7 turns
  3127 | D:4      | Paralysed by Grinder for 5 turns
  3133 | D:4      | Killed Grinder
  3134 | D:4      | Reached skill level 1 in Poison Magic
  3134 | D:4      | Reached XP level 6. HP: 22/50 MP: 5/10
  3361 | D:4      | Noticed Natasha
  3367 | D:4      | Your scales start taking on a pale cyan-grey colour.
  3367 | D:4      | Reached XP level 7. HP: 57/57 MP: 8/11
  3370 | D:4      | Killed Natasha
  3371 | D:4      | Reached skill level 5 in Unarmed Combat
  3428 | D:4      | Noticed Natasha
  3434 | D:4      | Killed Natasha
  3688 | D:4      | Found a runed translucent door.
  3688 | D:4      | Noticed Crazy Yiuf
  3867 | D:4      | Found a sacrificial altar of Ru.
  3928 | D:4      | Found a sparkling altar of Nemelex Xobeh.
  4035 | D:4      | Killed Crazy Yiuf
  4093 | D:5      | Entered Level 5 of the Dungeon
  4131 | D:5      | Found a runed translucent door.
  4300 | D:5      | Found a stormy altar of Qazlal.
  4311 | D:5      | Reached XP level 8. HP: 62/63 MP: 10/13
  4992 | D:5      | Reached skill level 6 in Unarmed Combat
  4992 | D:5      | Reached skill level 5 in Transmutations
  5113 | D:5      | Found a roughly hewn altar of Beogh.
  5194 | D:6      | Found Paigeuk's Magic Scroll Shoppe.
  5201 | D:6      | Found Xonaifas's Magic Scroll Emporium.
  5202 | D:6      | Bought a scroll of identify for 22 gold pieces
  5202 | D:6      | Bought a scroll of identify for 22 gold pieces
  5209 | D:6      | Bought a scroll of identify for 26 gold pieces
  5209 | D:6      | Bought a scroll of identify for 26 gold pieces
  5209 | D:6      | Bought a scroll of identify for 26 gold pieces
  5533 | D:6      | Found Mimuyd Laak's Armour Shop.
  5637 | D:6      | Found Locuif's Antique Armour Boutique.
  5780 | D:6      | Found Fuirgh's Book Shoppe.
  5946 | D:6      | Reached XP level 9. HP: 72/72 MP: 9/15
  6482 | D:7      | Found a staircase to the Ecumenical Temple.
  6528 | Temple   | Entered the Ecumenical Temple
  6769 | D:4      | Became a worshipper of Ru the Awakened
  7285 | D:7      | Found a basalt altar of Yredelemnul.
  7545 | D:8      | Identified a scroll of acquirement
  7545 | D:8      | Acquired a book of Transfigurations
  7563 | D:8      | Reached skill level 7 in Unarmed Combat
  7653 | D:8      | Found a basalt altar of Yredelemnul.
  7887 | D:8      | Reached skill level 5 in Fighting
  8236 | D:8      | Gained mutation: You cannot be stealthy. [Ru sacrifice]
  8701 | D:9      | Noticed a two-headed ogre
  8711 | D:8      | Reached skill level 5 in Spellcasting
  8955 | D:9      | Reached XP level 10. HP: 81/81 MP: 12/17
  9448 | D:8      | Reached skill level 8 in Unarmed Combat
  9449 | D:8      | Reached skill level 5 in Dodging
  9536 | D:9      | HP: 3/98 [two-headed ogre/+0 giant spiked club (34)]
  9536 | D:9      | Slain by an orc priest

Illustrated notes

Levels and vault maps discovered:
D:1:      dpeg_arrival_lava_temple_mockup, layout_basic,
          corexii_leaking_fountain
D:2:      layout_loops_cross
D:3:      layout_basic, general_overflow_altar, minmay_misc_feat_more_columns,
          grunt_dithmenos_smoke, uniq_terence, uniq_ijyb
D:4:      layout_cave_pools, kennysheep_mini_moat, serial_rivers,
          chequers_serial_rivers_micro_b, chequers_serial_rivers_small_b,
          chequers_serial_rivers_small_3, chequers_serial_rivers_room_a,
          chequers_serial_rivers_micro_c, chequers_serial_rivers_small_3,
          serial_bayou_ford_a, nicolae_ru_the_path_less_chosen, uniq_grinder,
          uniq_crazy_yiuf_cottage, uniq_natasha
D:5:      layout_rooms, old_standard_altar, serial_corexii_hall,
          corexii_hall_statues_i, chequers_hall_statues_wall_a,
          chequers_hall_statues_wall_a, chequers_hall_statues_corner_a,
          grunt_ministairs_9, lightli_church_of_beogh
D:6:      layout_layer_cave, serial_shops, shop, nicolae_shop_stone,
          nicolae_shop_statue_plus, shop, shop
D:7:      layout_loops_ring, minmay_temple_entry_arrows,
          yredelemnul_altar_generic
D:8:      layout_basic, lemuel_doored_altar
D:9:      layout_basic, lemuel_coloured_pillars_altar,
          grunt_temple_overflow_open
Temple:   regret_index_temple_waves

Skill      XL: |  1  2  3  4  5  6  7  8  9 10 |
---------------+-------------------------------+-----
Dodging        | 2 3 4 5 |  5.0
Fighting       | 2 3 4 5 |  5.6
Unarmed Combat | 4 5 6 7 8 |  8.0
Ice Magic      | 1 2 3 4 |  4.7
Spellcasting   | 3 4 5 |  5.2
Transmutations | 3 4 5 7 |  7.3
Poison Magic   | 1 2 3 |  3.0

Action                   |  1- 3 |  4- 6 |  7- 9 | 10-12 || total
-------------------------+-------+-------+-------+-------++-------
Melee: Unarmed           |    88 |   108 |   408 |    46 ||   650
       Tailslap          |     9 |     5 |    12 |     2 ||    28
       Headbutt          |     7 |     7 |     1 |       ||    15
       Kick              |    12 |    11 |     4 |       ||    27
       Punch             |       |       |     2 |       ||     2
 Cast: Beastly Appendage |    23 |    11 |     4 |       ||    38
       Spider Form       |       |     8 |    34 |       ||    42
       Ice Form          |       |       |    14 |     7 ||    21
Invok: Sacrifice Stealth |       |       |     1 |       ||     1
 Abil: Breathe Steam     |       |       |     5 |     1 ||     6
       End Transformatio |       |       |     1 |     1 ||     2
  Use: Scroll            |     6 |     1 |    11 |       ||    18
       Potion            |       |       |     1 |       ||     1
 Stab: Sleeping          |       |       |     1 |       ||     1
Armor: Skin              |    16 |    14 |    88 |    28 ||   146
Dodge: Dodged            |    50 |    86 |   304 |    56 ||   496

Table legend: (Time is in decaauts)
 A = Elapsed time spent in this place.
 B = Non-inter-level travel time spent in this place.
 C = Inter-level travel time spent in this place.
 D = Time resting spent in this place.
 E = Time spent auto-exploring this place.
 F = Levels seen in this place.
 G = Mean time per level.
                   A        B        C        D        E       F      G
               +--------+--------+--------+--------+--------+-----+--------+
         Total |   9505 |   8914 |    591 |    669 |   6739 |  10 |  950.5 |
       Dungeon |   9370 |   8809 |    561 |    669 |   6634 |   9 | 1041.1 |
        Temple |    134 |    105 |     29 |      0 |    105 |   1 |  134.0 |
               +--------+--------+--------+--------+--------+-----+--------+

Top non-repeatable levels by time:
     D:8: 1444 daAuts
     D:6: 1288 daAuts
     D:3: 1219 daAuts
     D:1: 1146 daAuts
     D:5: 1144 daAuts
     D:7: 922 daAuts
     D:4: 910 daAuts
     D:2: 834 daAuts
     D:9: 460 daAuts
  Temple: 134 daAuts
